[Event "WYCC U18 Girls 2019"]
[Site "Mumbai"]
[Date "2019.10.11"]
[Round "10.10"]
[White "Radeva, Viktoria"]
[Black "Nestorovic, Katarina"]
[Result "1-0"]
[ECO "B83"]
[WhiteElo "2277"]
[BlackElo "2073"]
[Annotator "NA"]
[PlyCount "95"]
[EventDate "2019.10.02"]
[EventType "swiss"]
[EventCountry "IND"]
[SourceTitle "playchess.com"]
[Source "ChessBase"]
[SourceQuality "1"]
[TimeControl "40/5400+30:1800+30"]

1. e4 c5 2. Nf3 e6 3. d4 cxd4 4. Nxd4 Nf6 5. Nc3 d6 6. Be2 Be7 7. O-O O-O 8. f4 a6 9. Be3 e5 10. Nb3 exf4 11. Bxf4 Nc6 12. Qe1 Re8 13. Qg3 Bf8 14. Bg5 Qb6+ 15. Kh1 Nxe4 16. Nxe4 Rxe4 17. Qf3 f5 18. Bc4+ Be6 19. Bxe6+ Rxe6 20. Qxf5 Ree8 21. Rae1 Ne5 22. Be3 Qb4 23. Bd4 g6 24. Qf4 Qb5 25. c4 Qc6 26. c5 Bg7 27. cxd6 Qxd6 28. Bc5 Qd7 29. h3 Kh8 30. Rd1 Qb5 31. Qh4 Rac8 32. Bd4 a5 33. Bc3 a4 34. Nd4 Qc4 35. a3 Rf8 36. Rxf8+ Rxf8 37. Qg3 Nd7 38. Kg1 Nc5 39. Qc7 b5 40. Nxb5 Bxc3 41. Nxc3 Kg8 42. Nd5 Qe2 43. Ne7+ Kh8 44. Rd8 Qf2+ 45. Kh2 Ne6 46. Qe5+ Ng7 47. Rd7 Qf7 48. Qd4 1-0

[Event "WYCC U18 Girls 2019"]
[Site "Mumbai"]
[Date "2019.10.11"]
[Round "10.11"]
[White "Tarini Goyal"]
[Black "Onur, Cigdem"]
[Result "1/2-1/2"]
[ECO "D37"]
[WhiteElo "2128"]
[BlackElo "1913"]
[Annotator "NA"]
[PlyCount "79"]
[EventDate "2019.10.02"]
[EventType "swiss"]
[EventCountry "IND"]
[SourceTitle "playchess.com"]
[Source "ChessBase"]
[SourceQuality "1"]
[TimeControl "40/5400+30:1800+30"]

1. d4 d5 2. c4 e6 3. Nf3 Nf6 4. Nc3 Be7 5. g3 O-O 6. Bg2 dxc4 7. Ne5 Nc6 8. Bxc6 bxc6 9. Nxc6 Qe8 10. Nxe7+ Qxe7 11. Qa4 c5 12. dxc5 Qxc5 13. Be3 Qc7 14. O-O-O Bb7 15. f3 Nd5 16. Bd4 Rfd8 17. e4 Nxc3 18. Bxc3 Qc5 19. Qa5 Qxa5 20. Bxa5 Rxd1+ 21. Rxd1 Bc6 22. Rd6 Rc8 23. Bb4 g5 24. Rd4 Bb5 25. Kd2 f6 26. Ke3 Kf7 27. Rd6 Rc7 28. f4 Rd7 29. e5 Rxd6 30. Bxd6 gxf4+ 31. gxf4 f5 32. Kd4 a6 33. Kc5 Ke8 34. Bc7 Kd7 35. Ba5 Ke8 36. Kd6 Kf7 37. Be1 Ba4 38. Kc5 Bb5 39. Kd6 Ba4 40. Kc5 1/2-1/2

[Event "WYCC U18 Girls 2019"]
[Site "Mumbai"]
[Date "2019.10.11"]
[Round "10.12"]
[White "Aciu, Malina-Andreea"]
[Black "Jyothsna L"]
[Result "1/2-1/2"]
[ECO "B01"]
[WhiteElo "2076"]
[BlackElo "1995"]
[Annotator "NA"]
[PlyCount "60"]
[EventDate "2019.10.02"]
[EventType "swiss"]
[EventCountry "IND"]
[SourceTitle "playchess.com"]
[Source "ChessBase"]
[SourceQuality "1"]
[TimeControl "40/5400+30:1800+30"]

1. e4 d5 2. exd5 Qxd5 3. Nf3 Nf6 4. d4 g6 5. Be2 Bg7 6. O-O O-O 7. c4 Qd8 8. Nc3 Nbd7 9. h3 c6 10. Bf4 b6 11. Qd2 Bb7 12. Rfe1 e6 13. Rad1 Qe7 14. a3 Rfd8 15. Bf1 Qf8 16. Bc7 Rdc8 17. Bh2 Rd8 18. Qc2 a6 19. Ng5 c5 20. d5 exd5 21. cxd5 h6 22. Nge4 Ne8 23. Bc4 b5 24. Ba2 c4 25. Ne2 Ndf6 26. Nxf6+ Bxf6 27. Nf4 Qg7 28. b3 cxb3 29. Qxb3 Rac8 30. Rd3 Nd6 1/2-1/2

[Event "WYCC U18 Girls 2019"]
[Site "Mumbai"]
[Date "2019.10.11"]
[Round "10.13"]
[White "Azali, Tannaz"]
[Black "Hamedi Nia, Vesal"]
[Result "1/2-1/2"]
[ECO "D53"]
[WhiteElo "2022"]
[BlackElo "2057"]
[Annotator "NA"]
[PlyCount "129"]
[EventDate "2019.10.02"]
[EventType "swiss"]
[EventCountry "IND"]
[SourceTitle "playchess.com"]
[Source "ChessBase"]
[SourceQuality "1"]
[TimeControl "40/5400+30:1800+30"]

1. d4 d5 2. c4 e6 3. Nc3 Nf6 4. Bg5 Be7 5. e3 O-O 6. cxd5 exd5 7. Bd3 c6 8. Qc2 Nbd7 9. Nge2 Re8 10. O-O Nf8 11. f3 g6 12. h3 Ne6 13. Bh4 Nh5 14. Bf2 Bh4 15. f4 Bxf2+ 16. Rxf2 Neg7 17. e4 dxe4 18. Nxe4 Nf6 19. Ng5 Nd5 20. Qd2 Bf5 21. Bc4 Ne6 22. Ng3 Ng7 23. Rc1 Qd6 24. Bxd5 Qxd5 25. Rc5 Qd6 26. Nf3 Rad8 27. Re5 f6 28. Ree2 Qd5 29. Qb4 b6 30. Qa3 Qd7 31. Rd2 Qe7 32. Qc3 Qd6 33. Nxf5 Nxf5 34. Rc2 Ne3 35. Rc1 Rc8 36. Nd2 Nd5 37. Qg3 f5 38. Nc4 Qb4 39. a3 Qe7 40. Ne5 Qd6 41. Rfc2 c5 42. b4 c4 43. Rxc4 Rxc4 44. Rxc4 Nc7 45. Qf2 Ne6 46. a4 a6 47. b5 axb5 48. axb5 Qd5 49. Qf3 Qxf3 50. Nxf3 Nxf4 51. Rc6 Rb8 52. Kf2 Nd5 53. Ne5 Rb7 54. g4 fxg4 55. hxg4 Kf8 56. Kf3 Ke7 57. Ke4 Nc7 58. Nc4 Nxb5 59. Nxb6 Na7 60. Nd5+ Kf7 61. Rf6+ Kg7 62. Rb6 Rxb6 63. Nxb6 Kf6 64. Kf4 h5 65. Ke4 {Ke5+} 1/2-1/2

[Event "WYCC U18 Girls 2019"]
[Site "Mumbai"]
[Date "2019.10.11"]
[Round "10.14"]
[White "Sanskriti Goyal"]
[Black "Khachatryan, Anna"]
[Result "1/2-1/2"]
[ECO "E46"]
[WhiteElo "1980"]
[BlackElo "2044"]
[Annotator "NA"]
[PlyCount "117"]
[EventDate "2019.10.02"]
[EventType "swiss"]
[EventCountry "IND"]
[SourceTitle "playchess.com"]
[Source "ChessBase"]
[SourceQuality "1"]
[TimeControl "40/5400+30:1800+30"]

1. d4 Nf6 2. c4 e6 3. Nc3 Bb4 4. e3 O-O 5. Nge2 d5 6. a3 Be7 7. cxd5 exd5 8. Nf4 c6 9. Bd3 Nbd7 10. O-O Re8 11. f3 Nf8 12. Bc2 Ne6 13. e4 Nxf4 14. Bxf4 Be6 15. e5 Nd7 16. Be3 Nf8 17. f4 f5 18. g4 Qd7 19. Ne2 Ng6 20. gxf5 Bxf5 21. Bxf5 Qxf5 22. Ng3 Qh3 23. f5 Nh4 24. Rf2 g6 25. Qf1 Qxf1+ 26. Raxf1 Nxf5 27. Nxf5 gxf5 28. Rxf5 Rf8 29. Bg5 Rxf5 30. Rxf5 Rf8 31. Rxf8+ Bxf8 32. Kf2 Kf7 33. Ke3 c5 34. Kd3 Ke6 35. Bd2 b6 36. b4 Be7 37. bxc5 bxc5 38. a4 cxd4 39. Kxd4 Ba3 40. Be3 a6 41. h3 Bb2+ 42. Kc5 Kxe5 43. Kb6 d4 44. Bh6 Ke4 45. Kxa6 d3 46. Kb5 Bc3 47. h4 Bd4 48. a5 Be3 49. a6 d2 50. a7 Bxa7 51. Bxd2 h5 52. Kc4 Bf2 53. Bg5 Be1 54. Bd8 Bg3 55. Bg5 Be5 56. Bd8 Kf3 57. Kd3 Bf4 58. Be7 Kg4 59. Ke4 1/2-1/2

[Event "WYCC U18 Girls 2019"]
[Site "Mumbai"]
[Date "2019.10.12"]
[Round "11.1"]
[White "Serikbay, Assel"]
[Black "Shuvalova, Polina"]
[Result "1/2-1/2"]
[ECO "A40"]
[WhiteElo "2208"]
[BlackElo "2412"]
[Annotator "ChessBase"]
[PlyCount "105"]
[EventDate "2019.10.02"]
[EventType "swiss"]
[EventCountry "IND"]
[SourceTitle "playchess.com"]
[Source "ChessBase"]
[SourceQuality "1"]
[TimeControl "40/5400+30:1800+30"]

1. d4 Nf6 2. c4 e6 3. g3 d5 4. Nf3 Bb4+ 5. Bd2 Be7 6. Bg2 c6 7. O-O Nbd7 8. Qc2 b6 9. Bf4 Bb7 10. Rd1 Rc8 11. Ne5 Nxe5 12. Bxe5 O-O 13. b3 c5 14. dxc5 Bxc5 15. e3 Ng4 16. Bb2 Qe7 17. Qe2 Nf6 18. cxd5 Bxd5 19. e4 Bc6 20. Nc3 Qb7 21. a3 a5 22. g4 Rfd8 23. g5 Nd7 24. Nd5 Qb8 25. Ne3 Qf4 26. Nc4 Qxg5 27. Rd3 Qe7 28. Rg3 f6 29. h4 e5 30. h5 Nf8 31. b4 axb4 32. axb4 Bd4 33. Bxd4 Rxd4 34. Nxb6 Rb8 35. Nd5 Bxd5 36. exd5 Rbxb4 37. Qa2 Qf7 38. Qa8 Qxh5 39. Bf3 Qf5 40. Ra7 g5 41. Bh5 Qb1+ 42. Kg2 Rb8 43. Qc6 Qb6 44. Rga3 Rd2 45. Qxb6 Rxb6 46. Rf7 Rb8 47. Rxf6 Rxd5 48. Rf5 Rd7 49. Rxg5+ Rg7 50. Bf7+ Kh8 51. Rag3 Rxg5 52. Rxg5 Ng6 53. Bxg6 1/2-1/2

[Event "WYCC U18 Girls 2019"]
[Site "Mumbai"]
[Date "2019.10.12"]
[Round "11.2"]
[White "Obolentseva, Alexandra"]
[Black "Vantika Agrawal"]
[Result "1/2-1/2"]
[ECO "A41"]
[WhiteElo "2282"]
[BlackElo "2283"]
[Annotator "ChessBase"]
[PlyCount "65"]
[EventDate "2019.10.02"]
[EventType "swiss"]
[EventCountry "IND"]
[SourceTitle "playchess.com"]
[Source "ChessBase"]
[SourceQuality "1"]
[TimeControl "40/5400+30:1800+30"]

1. d4 d6 2. Nf3 Nf6 3. c4 g6 4. Nc3 Bf5 5. Ng5 Bd7 6. e4 e5 7. d5 Bg7 8. Be2 a5 9. O-O h6 10. Nf3 O-O 11. c5 Na6 12. cxd6 cxd6 13. Nd2 a4 14. Nxa4 b5 15. Nc3 b4 16. Nb5 Nc5 17. Nxd6 Ba4 18. b3 Qxd6 19. bxa4 Nfxe4 20. Nxe4 Nxe4 21. Bb2 Nc3 22. Bxc3 bxc3 23. Bb5 e4 24. Bc6 Ra7 25. Rb1 Be5 26. Kh1 Qe7 27. Qg4 Bb8 28. Rfe1 Qd6 29. Qg3 Qxg3 30. hxg3 f5 31. Rbc1 Be5 32. Red1 Rd8 33. Rc2 1/2-1/2

[Event "WYCC U18 Girls 2019"]
[Site "Mumbai"]
[Date "2019.10.12"]
[Round "11.3"]
[White "Urh, Zala"]
[Black "Kucharska, Honorata"]
[Result "1/2-1/2"]
[ECO "A55"]
[WhiteElo "2105"]
[BlackElo "2114"]
[Annotator "ChessBase"]
[PlyCount "159"]
[EventDate "2019.10.02"]
[EventType "swiss"]
[EventCountry "IND"]
[SourceTitle "playchess.com"]
[Source "ChessBase"]
[SourceQuality "1"]
[TimeControl "40/5400+30:1800+30"]

1. d4 Nf6 2. c4 d6 3. Nf3 Nbd7 4. Nc3 e5 5. e4 g6 6. Be2 Bg7 7. Be3 O-O 8. O-O Re8 9. d5 Nc5 10. Nd2 a5 11. b3 Nfd7 12. Qc2 Rf8 13. f3 f5 14. exf5 gxf5 15. a3 Nf6 16. b4 Na6 17. Rab1 Nh5 18. c5 axb4 19. axb4 Nf4 20. c6 Qg5 21. Bxf4 Qxf4 22. Na2 bxc6 23. dxc6 Be6 24. Kh1 Kh8 25. b5 Nc5 26. Nb4 Rf6 27. g3 Qg5 28. Bc4 Rh6 29. Kg2 Rg8 30. b6 Bf6 31. Rg1 Qh5 32. Nf1 e4 33. fxe4 fxe4 34. Be2 Qf5 35. Kh1 cxb6 36. Rg2 d5 37. Ne3 Qg5 38. Nexd5 Bh3 39. Rgg1 Bd4 40. c7 Be6 41. Rg2 Qe5 42. Nf4 Bf5 43. Rd1 Bc8 44. Qc4 Rd6 45. Nbd5 Bb2 46. Qb4 Bb7 47. Bc4 Bd4 48. Rgd2 Nd3 49. Rxd3 exd3 50. Re1 Bc3 51. Rxe5 Bxb4 52. Bxd3 Bd2 53. Rh5 h6 54. Kg1 Bxf4 55. Nxf4 Rg5 56. Be4 Bc8 57. Rxg5 hxg5 58. Ng6+ Kg7 59. Ne7 Rd1+ 60. Kf2 Ba6 61. c8=Q Bxc8 62. Nxc8 b5 63. Ke2 Ra1 64. Nd6 b4 65. Bd5 Rb1 66. Nc4 Kf6 67. Nd2 Ra1 68. Kd3 Ke5 69. Bb3 Rc1 70. Bc2 g4 71. Nc4+ Kf6 72. Ne3 Kg5 73. Kc4 Rh1 74. Kxb4 Rxh2 75. Kc3 Rf2 76. Bd1 Rf8 77. Bxg4 Re8 78. Kd2 Rxe3 79. Kxe3 Kxg4 80. Ke4 1/2-1/2

[Event "WYCC U18 Girls 2019"]
[Site "Mumbai"]
[Date "2019.10.12"]
[Round "11.5"]
[White "Yan, Tianqi"]
[Black "Schulze, Lara"]
[Result "0-1"]
[ECO "B68"]
[WhiteElo "2236"]
[BlackElo "2327"]
[Annotator "RC"]
[PlyCount "70"]
[EventDate "2019.10.02"]
[EventType "swiss"]
[EventCountry "IND"]
[SourceTitle "playchess.com"]
[Source "ChessBase"]
[SourceQuality "1"]
[TimeControl "40/5400+30:1800+30"]

1. e4 c5 2. Nf3 d6 3. d4 Nf6 4. Nc3 cxd4 5. Nxd4 Nc6 6. Bg5 e6 7. Qd2 a6 8. O-O-O Bd7 9. f4 Be7 10. Be2 h6 11. Bh4 b5 12. Bxb5 axb5 13. Ndxb5 Nb4 14. Bxf6 gxf6 15. Nxd6+ Bxd6 16. Qxd6 Nxa2+ 17. Nxa2 Rxa2 18. Kb1 Ra7 19. b3 Qc7 20. Qd4 O-O 21. Qxf6 Rc8 22. Qb2 Qxf4 23. Rhf1 Qxe4 24. Rfe1 Qc6 25. Re3 Ra5 26. Rh3 e5 27. Rg3+ Kh7 28. Rf1 Be6 29. Rf6 Rca8 30. Rh3 Ra1+ 31. Qxa1 Rxa1+ 32. Kxa1 Qa8+ 33. Kb2 Bxh3 34. gxh3 Qd5 35. b4 e4 0-1

[Event "WYCC U18 Girls 2019"]
[Site "Mumbai"]
[Date "2019.10.12"]
[Round "11.6"]
[White "Afonasieva, Anna"]
[Black "Radeva, Viktoria"]
[Result "1/2-1/2"]
[ECO "D00"]
[WhiteElo "2312"]
[BlackElo "2277"]
[Annotator "ChessBase"]
[PlyCount "188"]
[EventDate "2019.10.02"]
[EventType "swiss"]
[EventCountry "IND"]
[SourceTitle "playchess.com"]
[Source "ChessBase"]
[SourceQuality "1"]
[TimeControl "40/5400+30:1800+30"]

1. d4 d5 2. Bf4 Nf6 3. e3 e6 4. Nd2 Bd6 5. Bg3 O-O 6. Ngf3 c5 7. c3 Qc7 8. Bd3 Nbd7 9. e4 e5 10. O-O exd4 11. cxd4 Bxg3 12. hxg3 dxe4 13. Nxe4 Nxe4 14. Bxe4 Nf6 15. Qc2 Nxe4 16. Qxe4 cxd4 17. Ng5 g6 18. Qxd4 Bf5 19. Rac1 Qb6 20. Qh4 h5 21. b4 Rac8 22. Qf4 Kg7 23. Rfe1 Qf6 24. Qe3 Rfe8 25. Qf4 Red8 26. Rxc8 Rxc8 27. Rc1 Rxc1+ 28. Qxc1 Qd4 29. a3 Bd7 30. Qc7 Qd5 31. Qc3+ Kg8 32. Qe3 Bc6 33. Nf3 a6 34. Kh2 Qe4 35. Qd2 Qd5 36. Qb2 Qe4 37. Kg1 Qd5 38. Ne1 Qd1 39. Qc3 Qe2 40. Nc2 Qd1+ 41. Kh2 Qf1 42. f3 Qf2 43. Nd4 h4 44. gxh4 Qxh4+ 45. Kg1 Bd5 46. Qd2 Bc4 47. Qe3 Qg3 48. Qc3 Bd5 49. Ne2 Qg5 50. Qd3 Bc6 51. Nd4 Bd5 52. Qc3 Qh4 53. Nc2 Qg5 54. Ne1 Qg3 55. Nd3 Qg5 56. Ne5 Qh4 57. Ng4 Be6 58. Nf6+ Kf8 59. Qc5+ Kg7 60. Ne8+ Kg8 61. Qe5 Kf8 62. Nf6 Qc4 63. Nh7+ Kg8 64. Ng5 Qd5 65. Qf6 Qf5 66. Qd8+ Kg7 67. Qd4+ Kf8 68. Ne4 Qf4 69. Qd8+ Kg7 70. Kf2 Qe5 71. Qd2 Bd5 72. Nc3 Bc6 73. a4 g5 74. Qe3 Kf6 75. b5 Qxe3+ 76. Kxe3 axb5 77. axb5 Bd7 78. Kd4 Kf5 79. g3 f6 80. Kd5 Be6+ 81. Kd6 Bc4 82. Kc5 Bf1 83. Ne4 Ke5 84. Nf2 f5 85. b6 Be2 86. Nh3 Bxf3 87. Nxg5 Bd5 88. Nh3 Bc6 89. Nf4 Be4 90. Ne2 Bh1 91. Nc3 Bg2 92. Nb5 Bc6 93. Nd6 Bd5 94. Ne8 Bg2 1/2-1/2

[Event "WYCC U18 Girls 2019"]
[Site "Mumbai"]
[Date "2019.10.12"]
[Round "11.7"]
[White "Muetsch, Annmarie"]
[Black "Hng, Mei-En Emmanuelle"]
[Result "1-0"]
[ECO "B41"]
[WhiteElo "2266"]
[BlackElo "2002"]
[Annotator "ChessBase"]
[PlyCount "114"]
[EventDate "2019.10.02"]
[EventType "swiss"]
[EventCountry "IND"]
[SourceTitle "playchess.com"]
[Source "ChessBase"]
[SourceQuality "1"]
[TimeControl "40/5400+30:1800+30"]

1. e4 c5 2. Nf3 e6 3. d4 cxd4 4. Nxd4 a6 5. c4 Nf6 6. Nc3 Bb4 7. Qd3 d6 8. Nc2 Nc6 9. Nxb4 Nxb4 10. Qd1 d5 11. a3 d4 12. axb4 dxc3 13. Qxd8+ Kxd8 14. f3 cxb2 15. Bxb2 Bd7 16. g4 h5 17. g5 Ne8 18. h4 f6 19. Rg1 Ke7 20. Kf2 e5 21. c5 Rd8 22. Ke3 Kf7 23. Rd1 Nc7 24. Rd6 Bb5 25. gxf6 gxf6 26. Rb6 Rd7 27. Rxb7 Bxf1 28. Rxf1 Nd5+ 29. exd5 Rxb7 30. Bc3 a5 31. f4 axb4 32. Bb2 Rb5 33. fxe5 Rxc5 34. e6+ Ke8 35. Bxf6 Rxd5 36. Bxh8 Ke7 37. Rb1 Rb5 38. Kd3 Kxe6 39. Bd4 Kf5 40. Be3 Kg4 41. Bg5 b3 42. Rg1+ Kf3 43. Kc4 Rb8 44. Rb1 b2 45. Kc3 Rc8+ 46. Kxb2 Kg4 47. Rc1 Rb8+ 48. Kc2 Ra8 49. Kd3 Ra6 50. Rc4+ Kh3 51. Ke4 Ra5 52. Kf4 Rb5 53. Rc3+ Kg2 54. Re3 Ra5 55. Re5 Ra4+ 56. Kf5 Kh3 57. Re3+ Kg2 {[%emt 0:00:00] Ke4} 1-0

[Event "WYCC U18 Girls 2019"]
[Site "Mumbai"]
[Date "2019.10.12"]
[Round "11.8"]
[White "Harshini A"]
[Black "Makhija, Aashna"]
[Result "0-1"]
[ECO "C91"]
[WhiteElo "2230"]
[BlackElo "2084"]
[Annotator "ChessBase"]
[PlyCount "76"]
[EventDate "2019.10.02"]
[EventType "swiss"]
[EventCountry "IND"]
[SourceTitle "playchess.com"]
[Source "ChessBase"]
[SourceQuality "1"]
[TimeControl "40/5400+30:1800+30"]

1. e4 e5 2. Nf3 Nc6 3. Bb5 a6 4. Ba4 Nf6 5. O-O Be7 6. Re1 b5 7. Bb3 d6 8. c3 O-O 9. d4 Bg4 10. d5 Na5 11. Bc2 Qc8 12. h3 Bd7 13. Nbd2 c6 14. dxc6 Qxc6 15. Nf1 Rfc8 16. Ne3 Nc4 17. Nf5 Bxf5 18. exf5 h6 19. a4 Bd8 20. Qe2 Bc7 21. Bd3 d5 22. b3 e4 23. bxc4 exd3 24. cxb5 Qxc3 25. Qb2 Ba5 26. Rd1 Ne4 27. Qb1 Bb6 28. Be3 Bxe3 29. fxe3 d2 30. Kh2 Qxe3 31. Qb2 Qf4+ 32. Kg1 Qe3+ 33. Kh2 Rc3 34. Rf1 Qf4+ 35. Kg1 Qe3+ 36. Kh2 Qe2 37. Rad1 Rxf3 38. Rxf3 Qxd1 0-1

[Event "WYCC U18 Girls 2019"]
[Site "Mumbai"]
[Date "2019.10.12"]
[Round "11.9"]
[White "Pandey Srishti"]
[Black "Shpanko, Nadiia"]
[Result "0-1"]
[ECO "A45"]
[WhiteElo "1963"]
[BlackElo "2213"]
[Annotator "ChessBase"]
[PlyCount "96"]
[EventDate "2019.10.02"]
[EventType "swiss"]
[EventCountry "IND"]
[SourceTitle "playchess.com"]
[Source "ChessBase"]
[SourceQuality "1"]
[TimeControl "40/5400+30:1800+30"]

1. d4 Nf6 2. Bg5 d5 3. e3 Bf5 4. Nf3 Nbd7 5. Be2 h6 6. Bh4 e6 7. Ne5 Nxe5 8. dxe5 g5 9. Bg3 Ne4 10. Nd2 Nxg3 11. hxg3 c6 12. Nb3 Bg7 13. f4 Qb6 14. Qd2 Bxc2 15. Qxc2 Qxe3 16. Qd3 gxf4 17. Qxe3 fxe3 18. Rh5 Ke7 19. Bf3 f6 20. exf6+ Bxf6 21. Ke2 b6 22. Rb1 e5 23. Kxe3 e4 24. Be2 Bg5+ 25. Kf2 Rhf8+ 26. Ke1 c5 27. Ba6 Ke6 28. Nd2 Rab8 29. a4 c4 30. Bxc4 dxc4 31. Nxe4 Rf5 32. Nxg5+ hxg5 33. Kd2 Kd5 34. Kc3 Re8 35. Kb4 Re3 36. Rd1+ Rd3 37. Rhh1 Kd4 38. b3 a5+ 39. Ka3 Rf2 40. g4 Rxg2 41. Rhe1 Rxg4 42. Rh1 Rgg3 43. Ka2 cxb3+ 44. Ka3 b2+ 45. Ka2 Rxd1 46. Rxd1+ Kc3 47. Kb1 Rg4 48. Rf1 Rd4 0-1

[Event "WYCC U18 Girls 2019"]
[Site "Mumbai"]
[Date "2019.10.12"]
[Round "11.10"]
[White "Sliwicka, Alicja"]
[Black "Azali, Tannaz"]
[Result "1-0"]
[ECO "B47"]
[WhiteElo "2307"]
[BlackElo "2022"]
[Annotator "ChessBase"]
[PlyCount "49"]
[EventDate "2019.10.02"]
[EventType "swiss"]
[EventCountry "IND"]
[SourceTitle "playchess.com"]
[Source "ChessBase"]
[SourceQuality "1"]
[TimeControl "40/5400+30:1800+30"]

1. e4 c5 2. Nf3 e6 3. d4 cxd4 4. Nxd4 Nc6 5. Nc3 Qc7 6. Nb3 a6 7. Bd3 Nf6 8. O-O Be7 9. f4 d6 10. Qf3 O-O 11. Bd2 b6 12. Rae1 Bb7 13. Qh3 g6 14. f5 exf5 15. exf5 Ne5 16. Bg5 Qc6 17. Ne4 Ned7 18. Nd4 Qa4 19. c3 Qxa2 20. b3 Bxe4 21. Bxe4 d5 22. fxg6 hxg6 23. Bxg6 fxg6 24. Rxe7 Rae8 25. Qe6+ {[%emt 0:00:21] Nb8} 1-0

[Event "WYCC U18 Girls 2019"]
[Site "Mumbai"]
[Date "2019.10.12"]
[Round "11.11"]
[White "Khachatryan, Anna"]
[Black "Cervantes Landeiro, Thalia"]
[Result "0-1"]
[ECO "D00"]
[WhiteElo "2044"]
[BlackElo "2176"]
[Annotator "ChessBase"]
[PlyCount "62"]
[EventDate "2019.10.02"]
[EventType "swiss"]
[EventCountry "IND"]
[SourceTitle "playchess.com"]
[Source "ChessBase"]
[SourceQuality "1"]
[TimeControl "40/5400+30:1800+30"]

1. d4 d5 2. Bf4 Nf6 3. e3 g6 4. Nc3 Bg7 5. h4 a6 6. Be2 c5 7. h5 gxh5 8. Bxb8 Rxb8 9. Bxh5 cxd4 10. exd4 Bf5 11. Qd2 e6 12. Nf3 Nxh5 13. Rxh5 Bg6 14. Rh3 Rc8 15. Nh4 Rc4 16. Nxg6 hxg6 17. Ne2 Rxh3 18. gxh3 Qh4 19. c3 Qxh3 20. O-O-O Bh6 21. f4 Qf3 22. Kb1 Kd7 23. Rg1 Rc8 24. Rg3 Qe4+ 25. Kc1 Rh8 26. b3 Bf8 27. b4 Bd6 28. Re3 Rh1+ 29. Kb2 Qb1+ 30. Ka3 a5 31. Qd3 axb4+ 0-1

[Event "WYCC U18 Girls 2019"]
[Site "Mumbai"]
[Date "2019.10.12"]
[Round "11.12"]
[White "Priyanka, Kumari"]
[Black "Laurincova, Kristyna"]
[Result "1-0"]
[ECO "B35"]
[WhiteElo "1921"]
[BlackElo "2006"]
[Annotator "NA"]
[PlyCount "103"]
[EventDate "2019.10.02"]
[EventType "swiss"]
[EventCountry "IND"]
[SourceTitle "playchess.com"]
[Source "ChessBase"]
[SourceQuality "1"]
[TimeControl "40/5400+30:1800+30"]

1. e4 c5 2. Nf3 Nc6 3. d4 cxd4 4. Nxd4 g6 5. Nc3 Bg7 6. Be3 Nf6 7. Bc4 O-O 8. Bb3 d6 9. h3 Na5 10. O-O b6 11. Re1 Bb7 12. Bg5 Nxb3 13. axb3 Re8 14. Bxf6 Bxf6 15. Nd5 a6 16. c3 Bg7 17. Nf3 e6 18. Nf4 Qc7 19. Qd2 Rad8 20. Qe3 Qc6 21. Nd3 a5 22. Ra4 e5 23. Rc4 Qb5 24. Rc7 Qa6 25. b4 Rc8 26. b5 Qa7 27. Rd7 Red8 28. Rxd8+ Rxd8 29. c4 Bc8 30. Nd2 Be6 31. b3 f5 32. Nb2 fxe4 33. Na4 d5 34. Qxb6 Qxb6 35. Nxb6 Rb8 36. cxd5 Rxb6 37. dxe6 Rxb5 38. Rc1 Rb8 39. Nxe4 Re8 40. Rc6 h6 41. Kf1 Kf8 42. Ke2 Bh8 43. Nc5 Ke7 44. Kd3 Bf6 45. Kc4 Bg5 46. Ra6 Bd2 47. Ra7+ Kf8 48. Kd5 Bc3 49. Rf7+ Kg8 50. Ne4 Rd8+ 51. Kc6 Rc8+ 52. Kb7 1-0

[Event "WYCC U18 Girls 2019"]
[Site "Mumbai"]
[Date "2019.10.12"]
[Round "11.13"]
[White "Jyothsna L"]
[Black "Nilssen, Ellen Fredericia"]
[Result "1-0"]
[ECO "A48"]
[WhiteElo "1995"]
[BlackElo "2137"]
[Annotator "ChessBase"]
[PlyCount "61"]
[EventDate "2019.10.02"]
[EventType "swiss"]
[EventCountry "IND"]
[SourceTitle "playchess.com"]
[Source "ChessBase"]
[SourceQuality "1"]
[TimeControl "40/5400+30:1800+30"]

1. d4 Nf6 2. Nf3 g6 3. Bf4 Bg7 4. e3 O-O 5. Be2 d6 6. O-O b6 7. h3 Bb7 8. c4 Nbd7 9. Nc3 Ne4 10. Nxe4 Bxe4 11. Nd2 Bb7 12. Bf3 Bxf3 13. Nxf3 c5 14. Qd2 Qc8 15. b3 a6 16. Rac1 Qb7 17. Rfd1 b5 18. dxc5 Nxc5 19. Qd5 Qxd5 20. cxd5 b4 21. Rc4 Bc3 22. e4 f6 23. Bd2 Bxd2 24. Rxd2 a5 25. Re2 Rfb8 26. Nd4 Rb7 27. Nc6 Kf7 28. f4 Nd3 29. g3 a4 30. bxa4 Rxa4 31. Nd8+ 1-0

[Event "WYCC U18 Girls 2019"]
[Site "Mumbai"]
[Date "2019.10.12"]
[Round "11.14"]
[White "Tarini Goyal"]
[Black "Sowa, Wiktoria"]
[Result "1/2-1/2"]
[ECO "D71"]
[WhiteElo "2128"]
[BlackElo "2016"]
[Annotator "ChessBase"]
[PlyCount "129"]
[EventDate "2019.10.02"]
[EventType "swiss"]
[EventCountry "IND"]
[SourceTitle "playchess.com"]
[Source "ChessBase"]
[SourceQuality "1"]
[TimeControl "40/5400+30:1800+30"]

1. d4 Nf6 2. c4 g6 3. g3 Bg7 4. Bg2 d5 5. cxd5 Nxd5 6. Nf3 Nb6 7. Nc3 Nc6 8. e3 O-O 9. O-O Re8 10. Nh4 Bd7 11. f4 e6 12. Ne4 Nd5 13. Nf3 Rc8 14. Nc5 b6 15. Nxd7 Qxd7 16. Bd2 f6 17. Rc1 Nd8 18. Bh3 Nf7 19. e4 Ne7 20. Qb3 f5 21. Bc3 Nd6 22. Ng5 Nc6 23. d5 Nd4 24. Bxd4 Bxd4+ 25. Kh1 e5 26. fxe5 Bxe5 27. exf5 Nxf5 28. d6+ Kg7 29. g4 Nxd6 30. Rcd1 Re7 31. Nf3 Rce8 32. Nxe5 Rxe5 33. Qc3 Kg8 34. Bg2 Qg7 35. Bc6 R8e7 36. Bd5+ Kh8 37. Bg2 h6 38. Bd5 Kh7 39. b3 Re3 40. Qxg7+ Kxg7 41. Rf2 Ne4 42. Bxe4 R3xe4 43. h3 Re2 44. Rdf1 c5 45. Kg2 b5 46. Rc1 Rxf2+ 47. Kxf2 Re5 48. Rd1 Kf6 49. h4 Re6 50. Kf3 c4 51. bxc4 bxc4 52. Rc1 Rc6 53. Ke4 Ke6 54. Rc3 g5 55. hxg5 hxg5 56. a4 a6 57. Kd4 Rd6+ 58. Kxc4 Rc6+ 59. Kd4 Rxc3 60. Kxc3 Ke5 61. Kb4 Kf4 62. Ka5 Kxg4 63. Kxa6 Kf3 64. Kb7 g4 65. a5 1/2-1/2